 Dungeon Crawl Stone Soup version 0.20.1-1-g8b1a95d (webtiles) character file.

19 QuCean the Magician (level 2, -1/21 HPs)
             Began as a Demonspawn Wanderer on Oct 11, 2017.
             Slain by Natasha (8 damage)
             ... on level 2 of the Dungeon.
             The game lasted 00:03:58 (1113 turns).

QuCean the Magician (Demonspawn Wanderer)           Turns: 1113, Time: 00:03:59

Health: -1/21      AC:  8    Str: 14    XL:     2   Next: 55%
Magic:  6/6        EV:  9    Int: 12    God:
Gold:   28         SH:  0    Dex: 11    Spells: 6/7 levels left

rFire    . . .     SeeInvis +   d - +0 club
rCold    . . .     Gourm    .   (no shield)
rNeg     . . .     Faith    .   a - +2 scale mail
rPois    .         Spirit   .   (no helmet)
rElec    .         Reflect  .   (no cloak)
rCorr    .         Harm     .   (no gloves)
MR       .....                  (no boots)
Stlth    ..........             (no amulet)
Regen    0.1/turn               j - ring of see invisible
MPRegen  0.1/turn               (no ring)

@: no status effects
A: powered by pain 1
a: no special abilities


You were on level 2 of the Dungeon.
You were not hungry.

You visited 1 branch of the dungeon, and saw 2 of its levels.

You collected 28 gold pieces.

Inventory:

Hand Weapons
 d - a +0 club (weapon)
Armour
 a - a +2 scale mail (worn)
Jewellery
 j - a ring of see invisible (left hand)
Scrolls
 g - a scroll of fog
 h - a scroll of identify
Potions
 e - a potion of might {unknown}
 k - a potion of berserk rage {unknown}
 m - a potion of curing {unknown}
 n - a potion of haste {unknown}
Books
 b - the Handbook of Companions

   Spells                             Type                      Level
   a - Summon Butterflies             Summoning                    1
   b - Summon Guardian Golem          Hexes/Summoning              3
 c - the Reference Book on Moulding

   Spells                             Type                      Level
   a - Beastly Appendage              Transmutation                1
   b - Ignite Poison                  Fire/Transmutation/Poison    3


   Skills:
 + Level 1.0 Fighting
 + Level 0.5 Maces & Flails
 + Level 1.0 Throwing
 + Level 2.1 Armour
 + Level 0.1 Dodging
 + Level 1.0 Stealth
 + Level 3.3 Spellcasting
   Level 2.0 Summonings


You had 6 spell levels left.
You knew the following spells:

 Your Spells              Type           Power        Failure   Level  Hunger
a - Beastly Appendage     Tmut           #.....       69%         1    #......


Dungeon Overview and Level Annotations

Branches:
Dungeon (2/15)

Altars:

Annotations:
D:2 Natasha


Innate Abilities, Weirdness & Mutations

You sometimes gain a little power by taking damage.


Message History

You hit Natasha but do no damage.
Natasha is severely wounded.
The bat barely misses you. Natasha claws you but does no damage.
The shadow imp hits you but does no damage.
Natasha stares at you and mumbles some strange words.
You resist with significant effort.
You hit Natasha but do no damage.
Natasha is severely wounded.
The bat hits you but does no damage.
The shadow imp hits you but does no damage.
Natasha claws you but does no damage. The shadow imp barely misses you.
You hit Natasha but do no damage.
Natasha is severely wounded.
The bat hits you but does no damage. Natasha claws you but does no damage.
The shadow imp hits you but does no damage.
Your magical contamination has completely faded away.
You closely miss Natasha.
Natasha is severely wounded.
The bat hits you but does no damage. Natasha claws you!
You die...

......#####
...%...... .....
...?...... .....
..........####....
................#
........##.....####
.......h...........
#.....@5.......#
+.....b...<....#
#..............#
#..............#
................#
................#
................#
......##.#........
..... #.#.#####.#


You could see Natasha, a shadow imp and a bat.

Vanquished Creatures
  2 dart slugs (D:1)
  A giant cockroach (D:1)
  3 hobgoblins (D:1)
  A bat (D:1)
  2 frilled lizards (D:1)
  2 goblins (D:1)
  2 kobolds (D:1)
  4 rats (D:1)
17 creatures vanquished.

Notes
Turn   | Place    | Note
-------+----------+-------------------------------------------
     0 | D:1      | QuCean the Demonspawn Wanderer began the quest for the Orb.
     0 | D:1      | QuCean set off with: a +2 scale mail, the Handbook of Companions, the Reference Book on Moulding, a +0 club, a bread ration
     0 | D:1      | Reached XP level 1. HP: 15/15 MP: 4/4
    47 | D:1      | Learned a level 1 spell: Beastly Appendage
   297 | D:1      | Gained mutation: You sometimes gain a little power by taking damage. [demonic ancestry]
   297 | D:1      | Reached XP level 2. HP: 12/21 MP: 6/6
  1096 | D:2      | Noticed Natasha
  1100 | D:2      | Identified the Handbook of Companions
  1100 | D:2      | Identified the Reference Book on Moulding
  1113 | D:2      | Slain by Natasha

Skill      XL: |  1 |
---------------+----+-----
Armour         | 2 |  2.1
Fighting       | |  1.0
Maces & Flails | |  0.5
Throwing       | |  1.0
Dodging        | |  0.1
Stealth        | |  1.0
Spellcasting   | |  3.3
Summonings     | |  2.0

Action                   || total
-------------------------++-------
Melee: Club              ||    76
  Use: Scroll            ||     3
  Eat: Bread ration      ||     1
Armor: Scale mail        ||    58
Dodge: Dodged            ||    52
